 Dungeon Crawl Stone Soup version 0.21.1-1-g345015f (webtiles) character file.

126 nicolaieve the Cudgeler (level 4, -2/39 HPs)
             Began as a Minotaur Berserker on July 31, 2018.
             Was a Believer of Trog.
             Slain by Natasha (3 damage)
             ... on level 2 of the Dungeon.
             The game lasted 00:05:33 (1406 turns).

nicolaieve the Cudgeler (Minotaur Berserker)        Turns: 1406, Time: 00:05:35

Health: -2/39      AC:  5    Str: 21    XL:     4   Next: 83%
Magic:  3/3        EV: 10    Int:  4    God:    Trog [**....]
Gold:   61         SH:  9    Dex: 11    Spells: 3/3 levels left

rFire    . . .     SeeInvis .   d - +0 whip
rCold    . . .     Gourm    .   g - +0 shield
rNeg     . . .     Faith    .   b - +0 animal skin
rPois    .         Spirit   .   (helmet restricted)
rElec    .         Reflect  .   (no cloak)
rCorr    .         Harm     .   h - +2 pair of gloves
MR       .....                  (no boots)
Stlth    +.........             (no amulet)
HPRegen  0.13/turn              (no ring)
MPRegen  0.08/turn              (no ring)

@: no status effects
A: retaliatory headbutt, horns 2
a: Berserk, Trog's Hand, Burn Spellbooks, Renounce Religion


You were on level 2 of the Dungeon.
You worshipped Trog.
Trog was pleased with you.
You were not hungry.

You visited 1 branch of the dungeon, and saw 2 of its levels.

You collected 61 gold pieces.

Inventory:

Hand Weapons
 d - a +0 whip (weapon)
Armour
 b - a +0 animal skin (worn)
 g - a +0 shield (worn)
 h - a +2 pair of gloves (worn)
Jewellery
 e - an uncursed ring of positive energy {unknown}
 j - a cursed ring of teleportation {unknown}
Scrolls
 a - a scroll of fog {unknown}
 k - a scroll of amnesia {unknown}
Potions
 i - a potion of ambrosia {unknown}
Comestibles
 c - 4 rations
 f - 3 chunks of flesh


   Skills:
 - Level 3.6 Fighting
 + Level 6.0 Maces & Flails
 - Level 2.4 Armour
 - Level 2.1 Dodging
 * Level 2.7 Shields


You had 3 spell levels left.
You didn't know any spells.

Dungeon Overview and Level Annotations

Branches:
Dungeon (2/15)

Altars:

Annotations:
D:2 Natasha


Innate Abilities, Weirdness & Mutations

You reflexively headbutt those who attack you in melee.
You have a pair of horns on your head.


Message History

Natasha mumbles some strange words.
You feel troubled.
Natasha stares at you and mumbles some strange words.
The magic dart hits you!
Natasha stares at you and mumbles some strange words.
You resist with some effort. Natasha casts a spell at you.
You resist with some effort.
Natasha stares at you and mumbles some strange words.
The magic dart hits you!
* * * LOW HITPOINT WARNING * * *
The shadow imp barely misses you.
Natasha mumbles some strange words.
The shadow imp misses you. Natasha casts a spell at you.
The magic dart hits you!
* * * LOW HITPOINT WARNING * * *
The shadow imp barely misses you. Natasha claws you.
You die...

#### ###############
...#####.............####
##......................# ##
#..####....########.##.# #. #(.#
####.# #.##.# #. #..# #.#
#.##.########. ##..#######.#
##.##.##.......
..).........#######..##.##.#####.
####.##.#.####.5@.......#...####.
#.#.###.....h........#........
#.##.#.##...5..............##.
#..................<.......##.
#.##...#...................##.
#.###.##.##..........#....###.
####.# #....##..........#....# #.
.....# ###..#######.###.####.# ##
###.## #..# #.# #.# ##.##


You could see Natasha, a crimson imp and a shadow imp.

Vanquished Creatures
  Natasha (twice) (D:2)
  An adder (D:2)
  An ooze (D:2)
  3 worms (D:2)
  2 dart slugs (D:2)
  A ball python (D:2)
  2 giant cockroaches
  8 hobgoblins
  3 jackals (D:1)
  7 kobolds (D:1)
  6 bats
  3 frilled lizards (D:1)
  4 goblins
  5 rats
48 creatures vanquished.

Notes
Turn   | Place    | Note
-------+----------+-------------------------------------------
     0 | D:1      | nicolaieve the Minotaur Berserker began the quest for the Orb.
     0 | D:1      | Reached XP level 1. HP: 19/19 MP: 0/0
    74 | D:1      | Reached skill level 4 in Maces & Flails
   214 | D:1      | Reached XP level 2. HP: 26/26 MP: 1/1
   513 | D:1      | Reached skill level 1 in Shields
   680 | D:1      | Reached XP level 3. HP: 18/31 MP: 2/2
   901 | D:2      | Reached skill level 5 in Maces & Flails
  1023 | D:2      | Reached ** piety under Trog
  1055 | D:2      | Noticed Natasha
  1058 | D:2      | Killed Natasha
  1058 | D:2      | Reached XP level 4. HP: 31/39 MP: 3/3
  1335 | D:2      | Noticed Natasha
  1350 | D:2      | Killed Natasha
  1350 | D:2      | Reached skill level 6 in Maces & Flails
  1395 | D:2      | Noticed Natasha
  1405 | D:2      | HP: 1/39 [Natasha/magic dart (8)]
  1406 | D:2      | Slain by Natasha

Skill      XL: |  1  2  3  4 |
---------------+-------------+-----
Maces & Flails | 4 5 6 |  6.0
Shields        | 1 2 |  2.7
Fighting       | |  3.6
Armour         | |  2.4
Dodging        | |  2.1

Action                   |  1- 3 |  4- 6 || total
-------------------------+-------+-------++-------
Melee: Mace              |    36 |       ||    36
       Headbutt          |     8 |     6 ||    14
       Whip              |    53 |    37 ||    90
  Eat: Chunk             |     1 |     1 ||     2
Armor: Animal skin       |    20 |     6 ||    26
Dodge: Dodged            |    27 |    16 ||    43
Block: Shield            |    22 |    24 ||    46
